 Dungeon Crawl Stone Soup version 0.18.1-48-g4cf74bf (webtiles) character file.

19111 PositiveJam the Warrior (level 12, -1/119 HPs)
             Began as a Minotaur Berserker on Aug 31, 2016.
             Was a High Priest of Trog.
             Slain by a five-headed hydra (9 damage)
             ... on level 5 of the Lair of Beasts on Sept 1, 2016.
             The game lasted 01:18:45 (11058 turns).

PositiveJam the Warrior (Minotaur Berserker)       Turns: 11058, Time: 01:18:46

Health: -1/119     AC: 15    Str: 25    XL:     12   Next: 33%
Magic:  11/11      EV:  9    Int:  4    God:    Trog [*****.]
Gold:   734        SH:  0    Dex: 12    Spells: 0 memorised, 11 levels left

rFire  + . .     SeeInvis +     A - +1 war axe (flame)
rCold  . . .     Gourm    .     d - +0 chain mail
rNeg   . . .     Faith    .     (no shield)
rPois  .         Spirit   .     (helmet restricted)
rElec  .         Dismiss  .     (no cloak)
rCorr  .         Reflect  .     e - +0 pair of gloves
SustAt .         Harm     .     K - +0 pair of boots
MR     .....                    t - amulet of regeneration
Stlth  ..........               s - ring of protection from fire
                                m - ring of see invisible

@: not resistant to hostile enchantments, extremely unstealthy
A: retaliatory headbutt, horns 2
a: Berserk, Trog's Hand, Brothers in Arms, Burn Spellbooks, Renounce Religion


You were on level 5 of the Lair of Beasts.
You worshipped Trog.
Trog was extremely pleased with you.
You were not hungry.

You visited 2 branches of the dungeon, and saw 15 of its levels.
You also visited: Ossuary.

You collected 893 gold pieces.
You spent 159 gold pieces at shops.

Inventory:

Hand Weapons
 g - a +1 hand axe of venom
 p - a +2 antimagic short sword
 A - a +1 war axe of flaming (weapon)
 M - a +3 vampiric broad axe
 O - a +1 halberd
 V - a +4 arbalest of flaming
Armour
 d - a +0 chain mail (worn)
 e - a +0 pair of gloves (worn)
 K - a +0 pair of boots (worn)
 S - a +2 ring mail of magic resistance
 W - a +0 large shield
Jewellery
 f - a cursed amulet of the gourmand
 m - a ring of see invisible (left hand)
 s - a ring of protection from fire (right hand)
 t - an amulet of regeneration (around neck)
 v - an uncursed ring of protection from fire
 w - an uncursed ring of magical power
 N - an uncursed amulet of magic regeneration
Wands
 a - a wand of iceblast (5/15)
 P - a wand of teleportation (6/9)
 Q - a wand of confusion (12/48)
 T - a wand of slowing (40/48)
Scrolls
 b - a scroll of summoning {unknown}
 j - 9 scrolls of identify
 o - 2 scrolls of enchant armour {unknown}
 q - 3 scrolls of enchant weapon
 r - 8 scrolls of remove curse
 x - 2 scrolls of magic mapping {unknown}
 y - 3 scrolls of blinking
 H - 5 scrolls of teleportation
 J - a scroll of recharging {unknown}
 R - a scroll of vulnerability {unknown}
 U - a scroll of holy word {unknown}
 Y - a scroll of brand weapon {unknown}
 Z - a scroll of immolation {unknown}
Potions
 h - a potion of cure mutation
 i - 4 potions of curing
 k - 3 potions of magic
 l - 3 potions of berserk rage
 u - a potion of might {unknown}
 z - 3 potions of invisibility
 B - 4 potions of flight
 C - a potion of cancellation
 D - 3 potions of haste
 E - 2 potions of lignification {unknown}
 I - 3 potions of brilliance
 L - a potion of agility {unknown}
Comestibles
 c - 7 bread rations
 n - 2 royal jellies
 F - a beef jerky
 G - 4 meat rations
 X - 9 fruits


   Skills:
 * Level 15.1 Fighting
 * Level 13.8 Axes
 + Level 12.9 Armour
 - Level 2.1 Dodging
 - Level 0.1 Stealth


You had 11 spell levels left.
You didn't know any spells.

Dungeon Overview and Level Annotations

Branches:
Dungeon (10/15)            Temple (0/1) D:5            Lair (5/8) D:8
 Shoals (0/4) Lair:3       Spider (0/4) Lair:4
    Orc: D:9-12

Altars:
Dithmenos
Kikubaaqudgha
Makhleb
Pakellas
Qazlal
Sif Muna
Trog
Xom

Shops:
D:5 (   D:7 (   D:8 =

Annotations:
D:9 nikopol's ghost, novice MiBe


Innate Abilities, Weirdness & Mutations

You reflexively headbutt those who attack you in melee.
You have a pair of horns on your head.


Message History

You hit the five-headed hydra. You burn the five-headed hydra.
The five-headed hydra is heavily wounded.
An elephant comes into view.
You completely miss the five-headed hydra.
The five-headed hydra is heavily wounded.
The elephant trumpets!
The five-headed hydra bites you! x2
The five-headed hydra closely misses you.
The five-headed hydra bites you!
* * * LOW HITPOINT WARNING * * *
The five-headed hydra barely misses you.
You barely miss the five-headed hydra.
The five-headed hydra is heavily wounded.
The five-headed hydra bites you but does no damage.
The five-headed hydra bites you!
* * * LOW HITPOINT WARNING * * *
The five-headed hydra bites you!
* * * LOW HITPOINT WARNING * * *
The five-headed hydra bites you!
You die...

...<.# ......# ... .#..
.....## #.P ##... ......
##..# ...# .[..... #..#
.#... ......## #..###..?##
.# ..?..#####P.P.###..#
#..##
.....##.#......##..###P.....
.........Y...D@..%........
.........###.†#..#.....##.
.........##.########...#
......(.l### #.## .........#
.# ........l.# #
.....l...... ............P
.............#


You could see a five-headed hydra and an elephant.

Vanquished Creatures
  2 hydras
  Pikel (D:6)
  Joseph (D:8)
  An elephant (Lair:5)
  3 black mambas
  5 spiny frogs
  A rime drake (Lair:2)
  5 komodo dragons
  A polar bear (Lair:4)
  2 jumping spiders (Lair:4)
  3 blink frogs (Lair:3)
  Sigmund (D:6)
  2 redbacks (Lair:4)
  A spriggan (Lair:4)
  A wyvern (D:9)
  16 yaks
  The ghost of Trysia the Poker, an amateur MiBe of Trog (D:5)
  A basilisk (Lair:4)
  3 hippogriffs
  Menkaure (D:6)
  9 water moccasins
  10 porcupines
  2 orc warriors
  2 ice beasts
  A sky beast (D:5)
  2 slaves (D:6)
  A wasp (D:9)
  A black bear (Lair:4)
  3 ogres
  7 centaurs
  6 wolves
  6 crocodiles
  A big kobold (D:8)
  9 giant frogs
  A gnoll sergeant (D:8)
  A wyvern skeleton (D:9)
  A scorpion (D:8)
  4 wights (D:6)
  A howler monkey (D:5)
  A giant frog zombie (D:6)
  6 crimson imps
  2 centaur skeletons
  4 jellies
  4 hounds
  6 orc priests
  6 iguanas
  7 orc wizards
  6 worker ants
  16 sheep
  A hound skeleton (D:5)
  8 mummies (Ossuary)
  Robin (D:2)
  12 gnolls
  A howler monkey skeleton (D:9)
  12 adders
  32 river rats
  2 shadow imps
  An ooze (D:5)
  An adder zombie (D:5)
  3 worms
  A dart slug (D:4)
  4 giant geckos
  39 orcs
  A ball python (D:3)
  10 giant cockroaches
  A gnoll zombie (Ossuary)
  19 goblins
  7 hobgoblins
  10 jackals
  12 kobolds
  9 quokkas
  11 bats
  8 giant newts
  2 hobgoblin zombies (Ossuary)
  A jackal skeleton (D:6)
  3 kobold zombies (Ossuary)
  2 orc zombies (Ossuary)
  9 rats
  3 fungi
  3 plants
407 creatures vanquished.

Vanquished Creatures (others)
  2 fungi (Lair:5)
2 creatures vanquished.

Grand Total: 409 creatures vanquished

Notes
Turn   | Place    | Note
--------------------------------------------------------------
     0 | D:1      | PositiveJam the Minotaur Berserker began the quest for the Orb.
     0 | D:1      | Reached XP level 1. HP: 19/19 MP: 0/0
    54 | D:1      | Reached skill level 4 in Fighting
    54 | D:1      | Reached XP level 2. HP: 19/27 MP: 1/1
   870 | D:2      | Reached XP level 3. HP: 34/34 MP: 2/2
   875 | D:2      | Reached ** piety under Trog
   890 | D:2      | Reached skill level 5 in Fighting
   963 | D:2      | Found an ancient bone altar of Kikubaaqudgha.
  1064 | D:2      | Noticed Robin
  1080 | D:2      | Reached XP level 4. HP: 30/42 MP: 3/3
  1085 | D:2      | Killed Robin
  1311 | D:2      | Reached *** piety under Trog
  1487 | D:3      | Reached XP level 5. HP: 49/49 MP: 4/4
  1693 | D:4      | Noticed an orc warrior
  1694 | D:4      | Found a sand-covered staircase.
  1718 | D:4      | HP: 3/75 [orc warrior/mace (10)]
  1726 | D:4      | Killed an orc warrior
  1726 | D:4      | Reached skill level 6 in Fighting
  1726 | D:4      | Reached skill level 5 in Armour
  1774 | Ossuary  | Entered an ossuary
  1790 | Ossuary  | Reached XP level 6. HP: 54/58 MP: 5/5
  1942 | Ossuary  | Reached skill level 7 in Fighting
  2176 | D:5      | Entered Level 5 of the Dungeon
  2251 | D:4      | Found a shimmering altar of Xom.
  2254 | D:4      | Found a shadowy altar of Dithmenos.
  2259 | D:4      | Reached XP level 7. HP: 66/66 MP: 6/6
  2262 | D:4      | Found an oddly glowing altar of Pakellas.
  2333 | D:4      | Found a stormy altar of Qazlal.
  2689 | D:3      | Reached **** piety under Trog
  3706 | D:5      | Reached skill level 8 in Fighting
  3749 | D:5      | Found Sedots's Weapon Shoppe.
  3774 | D:5      | Bought a +1 war axe of flaming for 159 gold pieces
  3806 | D:5      | Found a staircase to the Ecumenical Temple.
  3902 | D:5      | Reached ***** piety under Trog
  3902 | D:5      | Reached XP level 8. HP: 40/77 MP: 7/7
  3931 | D:5      | Reached skill level 9 in Fighting
  3974 | D:5      | Noticed Trysia's ghost (amateur MiBe)
  3992 | D:5      | Killed Trysia's ghost
  4250 | D:5      | Found a bloodstained altar of Trog.
  4668 | D:6      | Noticed Sigmund
  4675 | D:6      | Killed Sigmund
  4675 | D:6      | Reached skill level 10 in Fighting
  4675 | D:6      | Reached skill level 5 in Axes
  4742 | D:7      | Found a burning altar of Makhleb.
  4823 | D:6      | Found a deep blue altar of Sif Muna.
  4926 | D:6      | Noticed Pikel
  4937 | D:6      | Killed Pikel
  4937 | D:6      | Reached XP level 9. HP: 69/86 MP: 8/8
  5074 | D:6      | Noticed Menkaure
  5076 | D:6      | Killed Menkaure
  5123 | D:6      | Reached skill level 11 in Fighting
  5467 | D:7      | Reached skill level 10 in Armour
  5559 | D:7      | Found Xuili's Weapon Boutique.
  6369 | D:8      | Found a staircase to the Lair.
  6379 | D:8      | Noticed Joseph
  6448 | D:8      | Killed Joseph
  6448 | D:8      | Reached XP level 10. HP: 71/97 MP: 9/9
  6497 | Lair:1   | Entered Level 1 of the Lair of Beasts
  6696 | D:8      | Reached skill level 12 in Fighting
  6737 | D:8      | Received a gift from Trog
  6894 | D:8      | You fall through a shaft for 2 floors!
  6894 | D:10     | Entered Level 10 of the Dungeon
  6944 | D:9      | Noticed nikopol's ghost (novice MiBe)
  7358 | D:8      | Found Fostoilu's Jewellery Shop.
  7503 | Lair:1   | Reached skill level 10 in Axes
  7827 | Lair:1   | Noticed a spiny frog
  7827 | Lair:1   | Noticed a spiny frog
  7836 | Lair:1   | Killed a spiny frog
  7837 | Lair:1   | Killed a spiny frog
  7959 | Lair:1   | Noticed a black mamba
  7964 | Lair:1   | Killed a black mamba
  7964 | Lair:1   | Reached skill level 13 in Fighting
  8126 | Lair:2   | Reached XP level 11. HP: 70/107 MP: 10/10
  8669 | Lair:2   | Reached ****** piety under Trog
  8681 | Lair:2   | Noticed a five-headed hydra
  8691 | Lair:2   | Killed a one-headed hydra
  9092 | Lair:3   | Received a gift from Trog
  9138 | Lair:3   | Found a staircase to the Shoals.
  9547 | Lair:3   | Reached skill level 14 in Fighting
  9570 | Lair:3   | Noticed a four-headed hydra
  9578 | Lair:3   | Killed a one-headed hydra
 10172 | Lair:4   | Reached XP level 12. HP: 48/118 MP: 11/11
 10349 | Lair:4   | Received a gift from Trog
 10691 | Lair:4   | Found a hole to the Spider Nest.
 10941 | Lair:5   | Reached skill level 15 in Fighting
 11051 | Lair:5   | Noticed a seven-headed hydra
 11058 | Lair:5   | Slain by a five-headed hydra

Skill      XL: |  1  2  3  4  5  6  7  8  9 10 11 12 |
---------------+-------------------------------------+-----
Fighting       | 4 5 6 7 8 10 11 13 14 15 | 15.1
Armour         | 3 4 5 6 8 9 10 11 12 | 12.9
Axes           | 6 9 11 13 | 13.8
Dodging        | |  2.1
Stealth        | |  0.1

Action                   |  1- 3 |  4- 6 |  7- 9 | 10-12 || total
-------------------------+-------+-------+-------+-------++-------
Melee: Hand axe          |    95 |   162 |   101 |       ||   358
       Headbutt          |     7 |    39 |    61 |   102 ||   209
       War axe           |       |       |   165 |   241 ||   406
       Broad axe         |       |       |    75 |   219 ||   294
Invok: Trog's Hand       |       |     1 |     2 |     3 ||     6
       Berserk           |       |     1 |     1 |     2 ||     4
       Burn Spellbooks   |       |       |       |     6 ||     6
  Use: Scroll            |     6 |       |     1 |     5 ||    12
       Potion            |       |       |     8 |     5 ||    13
  Eat: Chunk             |     1 |     5 |    12 |    12 ||    30
       Bread ration      |       |       |     2 |       ||     2
       Fruit             |       |       |       |     5 ||     5
       Beef jerky        |       |       |       |     1 ||     1
Armor: Chain mail        |    74 |    92 |   236 |   281 ||   683
Dodge: Dodged            |    58 |    73 |   207 |   261 ||   599
